 Dungeon Crawl Stone Soup version 0.20.0-10-g0535bb4 (console) character file.

2149 jeanjacques the Carver (level 9, 0/58 HPs)
             Began as a Halfling Monk on June 4, 2017.
             Was an Elder of Dithmenos.
             Slain by a sky beast (5 damage)
             ... on level 7 of the Dungeon.
             The game lasted 00:28:14 (6319 turns).

jeanjacques the Carver (Halfling Monk)              Turns: 6319, Time: 00:28:15

Health: 0/58       AC:  5    Str: 19    XL:     9   Next: 56%
Magic:  10/10      EV: 20    Int:  8    God:    Dithmenos [****..]
Gold:   227        SH:  0    Dex: 19    Spells: 6/8 levels left

rFire    . . .     SeeInvis .   a - +1 falchion (slice)
rCold    . . .     Gourm    .   (shield restricted)
rNeg     + . .     Faith    +   B - +0 leather armour (curse)
rPois    .         Spirit   .   (no helmet)
rElec    .         Reflect  .   (no cloak)
rCorr    .         Harm     .   s - +1 pair of gloves
MR       .....                  (no boots)
Stlth    +++++.....             j - amulet of faith {!P}
Regen    0.2/turn               v - ring of positive energy
MPRegen  0.2/turn               e - +6 ring of strength

@: wreathed by umbra, drained
A: mutation resistance 1
a: Shadow Step, Renounce Religion


You were on level 7 of the Dungeon.
You worshipped Dithmenos.
Dithmenos was greatly pleased with you.
You were not hungry.

You visited 2 branches of the dungeon, and saw 9 of its levels.

You collected 227 gold pieces.

Inventory:

Hand Weapons
 a - a +1 falchion of slicing (weapon)
 b - a +0 hunting sling
 w - a +0 dagger
 z - a +0 falchion
Missiles
 p - 27 sling bullets
 x - 10 poisoned needles
Armour
 s - a +1 pair of gloves (worn)
 t - a +0 buckler
 B - a cursed +0 leather armour (worn)
Jewellery
 e - a +6 ring of strength (right hand)
 j - an amulet of faith (around neck) {!P}
 o - an uncursed amulet of magic regeneration
 v - a ring of positive energy (left hand)
 D - an uncursed ring of wizardry
Wands
 g - a wand of flame (12/48)
 C - a wand of iceblast (1/15)
Scrolls
 d - a scroll of immolation {!r}
 f - 4 scrolls of amnesia
 i - 4 scrolls of remove curse
Potions
 l - a potion of brilliance
 r - a potion of magic
 u - a potion of curing
Books
 q - a book of Callings

   Spells                             Type                      Level
   a - Summon Small Mammal            Summoning                    1
   b - Call Imp                       Summoning                    2
   c - Call Canine Familiar           Summoning                    3
   d - Summon Guardian Golem          Hexes/Summoning              3
   e - Summon Lightning Spire         Summoning/Air                4
   f - Summon Ice Beast               Ice/Summoning                4
 y - a book of Minor Magic

   Spells                             Type                      Level
   a - Magic Dart                     Conjuration                  1
   b - Blink                          Translocation                2
   c - Call Imp                       Summoning                    2
   d - Slow                           Hexes                        2
   e - Conjure Flame                  Conjuration/Fire             3
   f - Mephitic Cloud                 Conjuration/Poison/Air       3
Comestibles
 c - 6 bread rations
 h - a chunk of flesh {@w1}
 k - 2 royal jellies
 n - 4 fruits


   Skills:
 + Level 4.0 Fighting
 + Level 9.3(9.2) Long Blades
 * Level 6.9(6.8) Dodging
 + Level 6.0 Stealth
 - Level 1.6 Invocations


You had 6 spell levels left.
You knew the following spells:

 Your Spells              Type           Power        Failure   Level  Hunger
a - Blink                 Tloc           N/A          61%         2    ###....


Dungeon Overview and Level Annotations

Branches:
Dungeon (8/15)             Temple (0/1) D:7            Lair (1/6) D:8

Altars:
Dithmenos
Elyvilon
Gozag
Kikubaaqudgha
Ru
Sif Muna
Zin
The Shining One

Annotations:
D:4 Menkaure


Innate Abilities, Weirdness & Mutations

You are small and have problems with some larger weapons.
You are somewhat resistant to further mutation.


Message History

Dithmenos accepts your kill. The sky beast hits you.
* * * LOW HITPOINT WARNING * * *
The sky beast shocks you.
* * * LOW HITPOINT WARNING * * *
The sky beast hits you but does no damage.
Evoke which item? (* to show all) (? for menu, Esc to quit)
Aiming: Iceblast (will waste charges)
Okay, then.
Unknown command.
Evoke which item? (* to show all) (? for menu, Esc to quit)
Aiming: Iceblast (will waste charges)
The mass of ice explodes!
The iceblast engulfs the sky beast.
The sky beast is lightly wounded.
The iceblast engulfs the orc priest.
The orc priest is almost dead.
Evoking this partially-identified wand wasted a few charges.
The sky beast closely misses you.
Evoke which item? (* to show all) (? for menu, Esc to quit)
Aiming: Iceblast (will waste charges)
The mass of ice explodes!
The iceblast engulfs the orc priest.
You kill the orc priest!
Dithmenos accepts your kill.
The iceblast engulfs the sky beast.
The sky beast is moderately wounded.
Evoking this partially-identified wand wasted a few charges.
The sky beast misses you.
Okay, then.
Unknown command.
You hit the sky beast.
The sky beast is heavily wounded.
The sky beast misses you.
You hit the sky beast.
The sky beast is severely wounded.
You hit the sky beast.
The sky beast is severely wounded.
The sky beast hits you.
* * * LOW HITPOINT WARNING * * *
The sky beast shocks you.
You die...

#.##.......## ###..#.# #
#######o##...)....# #......# #
#.....#.##........# #.....## # .
#.....#.##........# #.....####
..#.....#o##........#########....
..'.......##+####...[..# #.#..
..#.....###.....)....#.# #.#..
####### #.....Y....#.# #.#..
#.....p....#.######.#..
#...................#.#
##..................#..
####################..........#..
#.............#...##..........#..
#.###########.#.#.............#..
#.# #.#.####..........#.. #.#
#.#.# ######.###.#.. #.#####
#.#.# #.# #.#..


You could see a sky beast.

Vanquished Creatures
  A komodo dragon (D:8)
  5 ogres
  A black bear (D:6)
  A centaur (D:7)
  2 bullfrogs (D:6)
  6 killer bees (D:7)
  2 crimson imps (D:6)
  2 hounds
  A centaur skeleton (D:7)
  3 orc priests (D:7)
  4 orc wizards
  Jessica (D:3)
  An iguana (D:6)
  12 worker ants
  A hound zombie (D:6)
  10 adders
  3 shadow imps
  An ooze (D:3)
  An adder skeleton (D:5)
  2 worms
  4 dart slugs
  5 leopard geckos
  18 orcs
  3 bats
  4 giant cockroaches
  4 goblins
  8 hobgoblins
  8 jackals
  2 quokkas (D:5)
  A ball python (D:6)
  A ball python skeleton (D:4)
  3 frilled lizards
  A jackal skeleton (D:4)
  3 kobolds (D:1)
  7 rats
132 creatures vanquished.

Vanquished Creatures (others)
  2 plants
2 creatures vanquished.

Grand Total: 134 creatures vanquished

Notes
Turn   | Place    | Note
-------+----------+-------------------------------------------
     0 | D:1      | jeanjacques the Halfling Monk began the quest for the Orb.
     0 | D:1      | Reached XP level 1. HP: 15/15 MP: 1/1
   307 | D:1      | HP: 1/15 [hobgoblin/club (4)]
   308 | D:1      | Reached XP level 2. HP: 2/20 MP: 2/2
   797 | D:2      | Found a shadowy altar of Dithmenos.
   855 | D:2      | Became a worshipper of Dithmenos the Shadowed
   855 | D:2      | Reached * piety under Dithmenos
   855 | D:2      | Reached ** piety under Dithmenos
   924 | D:3      | Reached skill level 4 in Long Blades
   924 | D:3      | Reached XP level 3. HP: 20/25 MP: 3/3
   935 | D:3      | Found a faded altar of an unknown god.
  1225 | D:1      | Reached XP level 4. HP: 29/30 MP: 4/4
  1379 | D:2      | Found a sacrificial altar of Ru.
  1526 | D:3      | Noticed Jessica
  1533 | D:3      | Killed Jessica
  1755 | D:3      | Found a glowing silver altar of Zin.
  1769 | D:3      | Reached skill level 5 in Long Blades
  1769 | D:3      | Reached skill level 3 in Stealth
  1769 | D:3      | Reached XP level 5. HP: 20/35 MP: 5/5
  2204 | D:2      | Found a glowing golden altar of the Shining One.
  2564 | D:4      | Noticed an ogre
  2571 | D:4      | Noticed Menkaure
  2589 | D:4      | Killed an ogre
  2589 | D:4      | Reached skill level 6 in Long Blades
  2589 | D:4      | Reached skill level 4 in Stealth
  2589 | D:4      | Reached XP level 6. HP: 41/41 MP: 6/6
  3015 | D:4      | Found an opulent altar of Gozag.
  3024 | D:5      | Entered Level 5 of the Dungeon
  3312 | D:4      | Reached XP level 7. HP: 26/45 MP: 7/7
  3540 | D:4      | You fall through a shaft!
  3713 | D:6      | Reached skill level 5 in Stealth
  3736 | D:6      | Reached *** piety under Dithmenos
  3788 | D:6      | Reached skill level 7 in Long Blades
  3816 | D:6      | Found an ancient bone altar of Kikubaaqudgha.
  3947 | D:5      | HP: 4/45 [orc wizard/magic dart (3)]
  3950 | D:5      | Reached XP level 8. HP: 14/51 MP: 8/8
  4138 | D:5      | Reached skill level 1 in Invocations
  4489 | D:5      | Reached skill level 6 in Stealth
  4857 | D:6      | Reached **** piety under Dithmenos
  4857 | D:6      | Reached skill level 8 in Long Blades
  5026 | D:6      | Reached skill level 4 in Dodging
  5146 | D:7      | Found a white marble altar of Elyvilon.
  5150 | D:8      | Found a staircase to the Lair.
  5150 | D:8      | Noticed a komodo dragon
  5153 | D:8      | Killed a komodo dragon
  5153 | D:8      | Reached skill level 5 in Dodging
  5153 | D:8      | Reached XP level 9. HP: 49/55 MP: 5/10
  5180 | Lair:1   | Entered Level 1 of the Lair of Beasts
  5180 | Lair:1   | Noticed a komodo dragon
  5221 | D:7      | Found a staircase to the Ecumenical Temple.
  5227 | D:7      | Learned a level 2 spell: Blink
  5232 | D:7      | Found a deep blue altar of Sif Muna.
  5380 | D:7      | Reached skill level 9 in Long Blades
  5412 | D:7      | Reached skill level 6 in Dodging
  5682 | D:7      | Reached skill level 3 in Fighting
  6070 | D:7      | Reached skill level 4 in Fighting
  6307 | D:7      | HP: 5/58 [sky beast (5)]
  6319 | D:7      | HP: 5/58 [sky beast (3)]
  6319 | D:7      | Slain by a sky beast

Skill      XL: |  1  2  3  4  5  6  7  8  9 |
---------------+----------------------------+-----
Long Blades    | 4 5 6 7 8 9 |  9.3
Stealth        | 3 4 5 6 |  6.0
Invocations    | 1 |  1.6
Dodging        | 5 6 |  6.9
Fighting       | 4 |  4.0

Action                   |  1- 3 |  4- 6 |  7- 9 || total
-------------------------+-------+-------+-------++-------
Melee: Falchion          |    88 |   149 |   253 ||   490
       Dagger            |       |       |    18 ||    18
 Fire: Hunting sling     |    13 |    15 |    17 ||    45
Invok: Shadow Step       |       |       |     2 ||     2
Evoke: Wand              |       |       |     2 ||     2
  Use: Scroll            |     3 |     5 |     6 ||    14
       Potion            |       |     1 |     8 ||     9
 Stab: Sleeping          |     2 |     9 |    11 ||    22
  Eat: Chunk             |     1 |     7 |    10 ||    18
Armor: Robe              |     6 |       |       ||     6
       Leather armour    |     1 |    18 |    16 ||    35
Dodge: Dodged            |    62 |   132 |   210 ||   404
       Rpst.: Falchion   |    17 |    47 |    61 ||   125

Table legend:
 A = Turns spent in this place as a percentage of turns spent in the entire game.
 B = Non-inter-level travel turns spent in this place as a percentage of non-inter-level travel turns spent in the entire game.
 C = Inter-level travel turns spent in this place as a percentage of turns spent in this place.
 D = Turns resting spent in this place as a percentage of non-inter-level travel turns spent in this place.
 E = Turns spent auto-exploring this place as a percentage of non-inter-level travel turns spent in this place.
 F = Non-inter-level travel turns spent in this place divided by the number of levels of this place that you've seen.
                   A       B       C       D       E      F
               +-------+-------+-------+-------+-------+----------------------
         Total | 100.0 | 100.0 |   0.7 |   0.7 |   4.4 | 284.6
       Dungeon |  99.6 |  99.6 |   0.7 |   0.7 |   4.4 | 318.9
          Lair |   0.4 |   0.4 |   0.0 |   0.0 |   0.0 |  10.0
               +-------+-------+-------+-------+-------+----------------------

Table legend:
 A = Kills in this place as a percentage of kills in entire the game.
 B = Kills by you in this place as a percentage of kills by you in the entire game.
 C = Kills by friends in this place as a percentage of kills by friends in the entire game.
 D = Other kills in this place as a percentage of other kills in the entire game.
 E = Experience gained in this place as a percentage of experience gained in the entire game.
 F = Experience gained in this place divided by the number of levels of this place that you have seen.
                   A       B       C       D       E      F
               +-------+-------+-------+-------+-------+----------------------
         Total | 100.0 | 100.0 |  -nan |  -nan | 100.0 | 341.1
       Dungeon | 100.0 | 100.0 |  -nan |  -nan | 100.0 | 383.8
               +-------+-------+-------+-------+-------+----------------------

Vault maps used:
D:1:      lightli_iron_boxes
D:2:      nicolae_dithmenos_shadow_blocks, nicolae_ru_path_of_blood, tso_altar
D:3:      lemuel_crystal_altar, serial_forest, infiniplex_forest_end_3,
          infiniplex_forest_lined_3, infiniplex_forest_clump_tiny,
          infiniplex_forest_clump_long, infiniplex_forest_clump_curved,
          infiniplex_forest_end_2, infiniplex_forest_clump_cross,
          infiniplex_forest_clump_curved, chequers_ecumenical_altar_island,
          uniq_jessica
D:4:      lemuel_crystal_altar, marbit_many_paths, first_bread, uniq_menkaure
D:6:      kennysheep_mini_moat, lemuel_crystal_altar, lemuel_tele_altar
D:7:      grunt_temple_overflow_open, minmay_temple_entry_crystal_x,
          enter_bailey_7, serial_shops, nicolae_shop_behind_doors
D:8:      nicolae_qazlal_style_of_elements, lemuel_crystal_altar,
          david_lair_shrubbed
Lair:1:   lemuel_fruit_tree, grunt_megastairs_4

Action                   |  1- 3 |  4- 6 |  7- 9 || total
-------------------------+-------+-------+-------++-------
Melee: Falchion          |    88 |   149 |   253 ||   490
       Dagger            |       |       |    18 ||    18
 Fire: Hunting sling     |    13 |    15 |    17 ||    45
Invok: Shadow Step       |       |       |     2 ||     2
Evoke: Wand              |       |       |     2 ||     2
  Use: Scroll            |     3 |     5 |     6 ||    14
       Potion            |       |     1 |     8 ||     9
 Stab: Sleeping          |     2 |     9 |    11 ||    22
  Eat: Chunk             |     1 |     7 |    10 ||    18
Armor: Robe              |     6 |       |       ||     6
       Leather armour    |     1 |    18 |    16 ||    35
Dodge: Dodged            |    62 |   132 |   210 ||   404
       Rpst.: Falchion   |    17 |    47 |    61 ||   125
